 Dungeon Crawl Stone Soup version 0.24-b1 (webtiles) character file.

Game seed: 9934233976516931885, levelgen mode: deterministic

26 Arixos the Charmwright (level 3, -5/18 HPs)
             Began as a Vine Stalker Skald on Oct 13, 2019.
             Slain by a worm (7 damage)
             ... on level 2 of the Dungeon.
             The game lasted 00:04:38 (1190 turns).

Arixos the Charmwright (Vine Stalker Skald)         Turns: 1190, Time: 00:04:39

Health: -5/18      AC:  3    Str: 13    XL:     3   Next: 8%
Magic:  0/7        EV: 12    Int: 13    God:
Gold:   99         SH:  0    Dex: 14    Spells: 0/6 levels left

rFire    . . .     SeeInvis .   a - +0 falchion
rCold    . . .     Gourm    +   (no shield)
rNeg     . . .     Faith    .   b - +0 leather armour
rPois    .         Spirit   +   (no helmet)
rElec    .         Reflect  .   (no cloak)
rCorr    .         Harm     .   (no gloves)
MR       .....                  (no boots)
Stlth    +.........             h - amulet of the gourmand
HPRegen  0.06/turn              c - -2 ring of slaying (curse)
MPRegen  0.10/turn              e - ring of wizardry

@: no status effects
A: fangs 2, magic shield, antimagic bite, no potion heal 3, rot immunity
a: no special abilities


You were on level 2 of the Dungeon.
You were completely stuffed.

You visited 1 branch of the dungeon, and saw 2 of its levels.

You collected 99 gold pieces.

Inventory:

Hand Weapons
 a - a +0 falchion (weapon)
Missiles
 o - 11 poisoned darts (quivered)
Armour
 b - a +0 leather armour (worn)
Jewellery
 c - a cursed -2 ring of slaying (left hand)
 e - a ring of wizardry (right hand)
 g - a cursed ring of teleportation {unknown}
 h - an amulet of the gourmand (around neck)
Scrolls
 i - a scroll of random uselessness {unknown}
 j - a scroll of identify {unknown}
 l - a scroll of enchant armour {unknown}
 m - a scroll of fear {unknown}
 p - a scroll of teleportation {unknown}
 q - a scroll of remove curse {unknown}
Potions
 f - a potion of mutation {unknown}
 k - a potion of lignification {unknown}
Comestibles
 d - a ration


   Skills:
 + Level 2.0 Fighting
 + Level 2.0 Long Blades
 + Level 1.1 Armour
 + Level 1.8 Dodging
 + Level 1.0 Stealth
 + Level 2.4 Spellcasting
 + Level 3.1 Charms
 + Level 0.0 Necromancy
 + Level 0.1 Translocations


You couldn't memorise any spells.
You knew the following spells:

 Your Spells              Type           Power        Failure   Level  Hunger
a - Infusion              Chrm           #...         3%          1    #......
r - Regeneration          Chrm/Necr      #.........   19%         3    ###....
s - Shroud of Golubria    Chrm/Tloc      #.....       10%         2    ###....

Your spell library contained the following spells:

 Spells                   Type           Power        Failure   Level  Hunger
 Song of Slaying          Chrm           #.......     5%          2    ###....
 Spectral Weapon          Hex/Chrm       #.......     19%         3    ###....


Dungeon Overview and Level Annotations

Branches:
Dungeon (2/15)

Altars:
Yredelemnul

Annotations:
D:2 Sigmund


Innate Abilities, Weirdness & Mutations

You have extremely sharp teeth.
When hurt, damage is shared between your health and your magic reserves.
Your bite disrupts and absorbs the magic of your enemies.
Potions cannot restore your health.
You are immune to rotting.


Message History

The worm is moderately wounded.
Your shroud begins to fray at the edges.
You hit the worm. You bite the worm. You drain its power.
You feel invigorated.
The worm is severely wounded.
The worm bites you.
Your shroud falls apart!
Casting: Shroud of Golubria (safe; 10% risk of failure)
Confirm with . or Enter, or press ? or * to list all spells.
Space distorts slightly along a thin shroud covering your body.
The worm bites you.
Your shroud falls apart!
Casting: Shroud of Golubria (safe; 10% risk of failure)
Confirm with . or Enter, or press ? or * to list all spells.
Space distorts slightly along a thin shroud covering your body.
You barely miss the worm. You bite the worm, but do no damage.
The worm is heavily wounded.
The worm bites you!
* * * LOW HITPOINT WARNING * * *
The worm bites you!
You die...

# #......##.# #.# #.# #
#......##.#######.####.## #
#.###......#............# #
##...#..............###..#
####....#......#.####...##..#
....._.........#.# ##..##..#
..#....####....#.# #..##..#
..#...## #....#w# #..##..#
..###.# #.....@# #......#
......# #....### ##.##...
....(.# ##....# .# #####)#
#.###.# .# # #.# #.# #.# .# #
#.# #.# #.# .# # #.# #.# #.#
.# # #.# #.###w### ##.## #
#.# #..รท....#####...#..#


You could see a worm.

Vanquished Creatures
  2 dart slugs
  2 giant cockroaches
  4 goblins
  6 hobgoblins
  A frilled lizard (D:1)
  3 kobolds
  3 rats
21 creatures vanquished.

Notes
Turn   | Place    | Note
-------+----------+-------------------------------------------
     0 | D:1      | Arixos the Vine Stalker Skald began the quest for the Orb.
     0 | D:1      | Reached XP level 1. HP: 11/11 MP: 4/4
   198 | D:1      | Reached XP level 2. HP: 15/15 MP: 6/6
   232 | D:1      | Reached skill level 1 in Armour
   632 | D:2      | Found a basalt altar of Yredelemnul.
   667 | D:2      | Learned a level 2 spell: Shroud of Golubria
   748 | D:2      | Reached skill level 1 in Stealth
   748 | D:2      | Reached XP level 3. HP: 11/18 MP: 4/7
   753 | D:2      | Learned a level 3 spell: Regeneration
   781 | D:2      | Noticed Sigmund
  1190 | D:2      | Slain by a worm

Skill      XL: |  1  2 |
---------------+-------+-----
Armour         | 1 |  1.1
Fighting       | 2 |  2.0
Long Blades    | 2 |  2.0
Stealth        | 1 |  1.0
Dodging        | |  1.8
Spellcasting   | |  2.4
Charms         | |  3.1
Translocations | |  0.1

Action                   || total
-------------------------++-------
Melee: Falchion          ||    76
       Bite              ||    26
 Cast: Shroud of Golubri ||     6
 Stab: Sleeping          ||     1
  Eat: Chunk             ||    16
Armor: Leather armour    ||    16
Dodge: Dodged            ||    44
       Rpst.: Falchion   ||    14
